 Dungeon Crawl Stone Soup version 0.25-a0-734-g73332aeda9 (webtiles) character file.

Game seed: 10898128714715201056, levelgen mode: deterministic

2314 Geomchi the Zephyrmancer (level 9, -6/55 HPs)
             Began as a Tengu Air Elementalist on Apr 10, 2020.
             Was a Follower of Vehumet.
             Mangled by Harold
             ... wielding a +0 battleaxe
              (18 damage)
             ... on level 7 of the Dungeon.
             The game lasted 00:16:37 (10243 turns).

Geomchi the Zephyrmancer (Tengu Air Elementalist)  Turns: 10243, Time: 00:16:38

Health: -6/55      AC:  4    Str:  9    XL:     9   Next: 41%
Magic:  11/16      EV: 14    Int: 18    God:    Vehumet [*.....]
Gold:   418        SH:  0    Dex: 15    Spells: 0/16 levels left

rFire    + . .     SeeInvis .   z - +4 short sword of the Wasp {vamp, rPois Stlth+}
rCold    . . .     Gourm    .   (no shield)
rNeg     . . .     Faith    .   a - +0 robe
rPois    +         Spirit   .   (helmet restricted)
rElec    .         Reflect  .   (no cloak)
rCorr    .         Harm     .   y - +1 pair of gloves
MR       .....                  (boots unavailable)
Stlth    +++.......             (no amulet)
HPRegen  0.18/turn              p - ring of protection from fire
MPRegen  0.15/turn              (no ring)

@: very slightly contaminated
A: beak, talons 3, able to fly
a: Fly, Renounce Religion


You were on level 7 of the Dungeon.
You worshipped Vehumet.
Vehumet was aware of your devotion.
You were near starving.

You visited 2 branches of the dungeon, and saw 8 of its levels.

You collected 418 gold pieces.

Inventory:

Hand Weapons
 z - the +4 short sword of the Wasp (weapon) {vamp, rPois Stlth+}
   (You found it on level 5 of the Dungeon)

   It inflicts no extra harm, but heals its wielder when it wounds a living foe.
   It protects you from poison.
   It makes you more stealthy.
Armour
 a - a +0 robe (worn)
 y - a +1 pair of gloves (worn)
Jewellery
 d - an uncursed ring of fire
 p - a ring of protection from fire (left hand)
 q - an uncursed ring of poison resistance
 D - an uncursed ring of flight {unknown}
Wands
 n - a wand of disintegration (10)
 E - a wand of iceblast (7)
Scrolls
 b - a scroll of noise {unknown}
 e - a scroll of fog {unknown}
 g - 2 scrolls of enchant armour
 i - 2 scrolls of amnesia {unknown}
 j - 2 scrolls of fear {unknown}
 m - a scroll of blinking {unknown}
 o - 2 scrolls of teleportation
 s - a scroll of torment {unknown}
 u - 2 scrolls of remove curse {unknown}
 v - 3 scrolls of random uselessness {unknown}
 w - a scroll of enchant weapon {unknown}
 A - a scroll of identify
Potions
 f - a potion of berserk rage {unknown}
 h - a potion of lignification {unknown}
 k - 2 potions of curing
 l - 2 potions of heal wounds
 r - 2 potions of brilliance
 t - 3 potions of magic
 x - a potion of flight {unknown}
 C - a potion of stabbing {unknown}
Comestibles
 c - 10 rations


   Skills:
 + Level 6.2 Fighting
 + Level 3.6 Dodging
 - Level 2.0 Stealth
 - Level 4.0 Spellcasting
 + Level 8.9 Conjurations
 + Level 9.3 Air Magic


You couldn't memorise any spells.
You knew the following spells:

 Your Spells              Type           Power        Failure   Level  Hunger
a - Shock                 Conj/Air       ####         1%          1    None
b - Static Discharge      Conj/Air       #####...     1%          3    ###....
c - Airstrike             Air            #####.....   3%          4    ####...
d - Mephitic Cloud        Conj/Pois/Air  ####....     3%          3    ###....
h - Lightning Bolt        Conj/Air       #####.....   10%         5    ######.

Your spell library contained the following spells:

 Spells                   Type           Power        Failure   Level  Hunger
 Sandblast                Erth           #.....       14%         1    None
 Magic Dart               Conj           ####         1%          1    None
 Swiftness                Chrm/Air       ###.....     3%          2    ##.....
 Conjure Flame            Conj/Fire      ###.....     7%          3    ###....
 Blink                    Tloc           N/A          22%         2    ##.....
 Call Imp                 Summ           #.......     22%         2    ##.....
 Slow                     Hex            #.......     22%         2    ##.....


Dungeon Overview and Level Annotations

Branches:
Dungeon (7/15)             Temple (1/1) D:6

Altars:
Ashenzari
Cheibriados
Dithmenos
Elyvilon
Fedhas
Gozag
Hepliaklqana
Kikubaaqudgha
Makhleb
Nemelex Xobeh
Okawaru
Qazlal
Ru
Sif Muna
Trog
Vehumet
Wu Jian
Yredelemnul
Zin
The Shining One
Lugonu

Shops:
D:4 *

Annotations:
D:3 2 transporters, CryoSword's ghost, amateur KoFE
D:7 Harold


Innate Abilities, Weirdness & Mutations

You have a beak for a mouth.
You have claws for feet.
You can fly continuously.


Message History

You see here a throwing net.
You take 10 damage, and have 10/55 hp.
Okay, then.
You feel much better. Harold hits you with a +0 battleaxe!
You regained 18 hp, and now have 28/55 hp.
Magic courses through your body. Harold hits you with a +0 battleaxe!
* * * LOW HITPOINT WARNING * * *
You take 16 damage, and have 12/55 hp.
MASSIVE DAMAGE!!
MP restored: 16 You hear a mighty clap of thunder!
The bolt of lightning hits Harold!
The bolt of lightning hits the big kobold.
You kill the big kobold!
Vehumet accepts your kill.
The bolt of lightning hits the kobold!
You kill the kobold!
Vehumet accepts your kill.
You are near starving!
Harold hits you with a +0 battleaxe!!
You die...

#...........# #.. #...........#
#.# #...........########o#
#..................#.#
##########............ #...
##### #............ #... #...#
#.........#.# #...##...#
#########.....)...#.# ........#
#(K@@.............#.# #......#
#(#######.........#.. ##......#
#.#######.........#.#
#.......####K((..K.#.........#.#
#.......'...K..###.###...#####.#
#...#...####.#K# #.# #...#####.#
#...##### ##.KK...# #..........
#...# ...KK...###.#########
#...# .#......#......#


You could see Harold and a kobold.

Vanquished Creatures
  A black bear (D:7)
  2 sky beasts
  An orc warrior (D:5)
  An ice beast (D:5)
  4 ogres
  A centaur (D:6)
  2 bullfrogs
  2 big kobolds (D:7)
  2 scorpions
  3 howler monkeys
  4 wights (D:6)
  2 crimson imps
  3 centaur zombies
  A bullfrog zombie (D:5)
  An orc priest (D:7)
  A hound (D:4)
  2 bullfrog skeletons (D:4)
  3 orc wizards
  4 worker ants
  A hound skeleton (D:4)
  A worker ant zombie (D:6)
  7 gnolls
  10 adders
  A shadow imp (D:6)
  3 oozes
  3 worms
  4 dart slugs
  7 leopard geckos
  12 orcs
  A ball python (D:2)
  2 giant cockroaches
  4 goblins
  8 hobgoblins
  12 jackals
  A quokka (D:3)
  7 bats
  A frilled lizard (D:1)
  A jackal zombie (D:5)
  17 kobolds
  A quokka skeleton (D:4)
  6 rats
150 creatures vanquished.

Vanquished Creatures (others)
  A giant cockroach (D:1)
  A rat (D:1)
2 creatures vanquished.

Grand Total: 152 creatures vanquished

Notes
Turn   | Place    | Note
-------+----------+-------------------------------------------
     0 | D:1      | Geomchi the Tengu Air Elementalist began the quest for the
                  | Orb.
     0 | D:1      | Reached XP level 1. HP: 10/10 MP: 4/4
   315 | D:1      | Reached XP level 2. HP: 16/16 MP: 4/6
  1383 | D:2      | Reached skill level 1 in Fighting
  1443 | D:2      | Reached XP level 3. HP: 20/20 MP: 3/7
  1450 | D:2      | Learned a level 3 spell: Static Discharge
  2035 | D:2      | Reached XP level 4. HP: 25/25 MP: 0/8
  2121 | D:2      | Found a burning altar of Makhleb.
  2306 | D:2      | Found an ancient bone altar of Kikubaaqudgha.
  2306 | D:2      | Found a glowing golden altar of the Shining One.
  2397 | D:3      | Found a sparkling altar of Nemelex Xobeh.
  2629 | D:3      | Found a snail-covered altar of Cheibriados.
  2791 | D:3      | Found a transporter.
  2793 | D:3      | Noticed CryoSword's ghost (amateur KoFE)
  2804 | D:3      | Found a transporter.
  2904 | D:3      | Reached skill level 5 in Air Magic
  2904 | D:3      | Gained mutation: You can fly continuously. [Tengu growth]
  2904 | D:3      | Reached XP level 5. HP: 27/30 MP: 0/9
  3792 | D:4      | Found an opulent altar of Gozag.
  3792 | D:4      | Found Gozag's Platinum Reserve.
  3805 | D:4      | Found a basalt altar of Yredelemnul.
  3832 | D:4      | Reached skill level 5 in Conjurations
  4059 | D:4      | Reached XP level 6. HP: 23/36 MP: 2/10
  4737 | D:4      | Found a shimmering blue altar of Sif Muna.
  4779 | D:4      | Found a glowing silver altar of Zin.
  4846 | D:4      | Reached skill level 6 in Air Magic
  5024 | D:4      | Reached XP level 7. HP: 28/41 MP: 4/12
  5374 | D:5      | Entered Level 5 of the Dungeon
  5747 | D:5      | Found a shadowy altar of Dithmenos.
  6068 | D:5      | Found a sacrificial altar of Ru.
  6098 | D:5      | Found a white marble altar of Elyvilon.
  6588 | D:4      | Learned a level 4 spell: Airstrike
  6592 | D:4      | Learned a level 3 spell: Mephitic Cloud
  6712 | D:6      | Found a bloodstained altar of Trog.
  6801 | D:5      | Got a warped short sword
  6802 | D:5      | Identified the +4 short sword of the Wasp {vamp, rPois
                  | Stlth+} (You found it on level 5 of the Dungeon)
  7094 | D:6      | Reached skill level 7 in Air Magic
  7522 | D:6      | Reached XP level 8. HP: 48/48 MP: 0/14
  7729 | D:6      | Found a staircase to the Ecumenical Temple.
  7737 | Temple   | Entered the Ecumenical Temple
  7766 | Temple   | Became a worshipper of Vehumet
  7834 | D:6      | Found a blossoming altar of Fedhas.
  7838 | D:6      | Found a stormy altar of Qazlal.
  8168 | D:6      | Reached skill level 5 in Fighting
  8296 | D:6      | Reached skill level 8 in Air Magic
  9262 | D:7      | Reached XP level 9. HP: 54/54 MP: 9/15
  9792 | D:7      | Reached * piety under Vehumet
  9792 | D:7      | Offered knowledge of Sandblast by Vehumet.
  9795 | D:7      | Reached skill level 9 in Air Magic
  9814 | D:7      | Learned a level 5 spell: Lightning Bolt
 10066 | D:7      | Noticed a cyclops
 10077 | D:7      | Noticed Harold
 10243 | D:7      | Mangled by Harold

Levels and vault maps discovered:
D:1:      dpeg_arrival_rooms_with_view, layout_loops_corners,
          lemuel_old_faithful
D:2:      layout_rooms, lemuel_doored_altar, gammafunk_temple_overflow_wave
D:3:      layout_basic, old_standard_altar, nicolae_overflow_crystal_walls,
          gammafunk_ghost_stat_death, first_ration, minmay_statues_item
D:4:      layout_basic, old_standard_altar, nicolae_gozag_zags_fifth_avenue,
          grunt_temple_overflow_open, minmay_starry_boxes
D:5:      layout_layer_cave, old_standard_altar, nicolae_ru_awakened_eye,
          nicolae_dithmenos_shadow_blocks
D:6:      layout_basic, grunt_temple_overflow_forces_of_nature, bloody_trog,
          minmay_temple_entry_arrows
D:7:      minmay_opposing_rooms, layout_basic, uniq_harold
Temple:   corrupted_temple

Skill      XL: |  1  2  3  4  5  6  7  8  9 |
---------------+----------------------------+-----
Conjurations   | 2 3 4 5 6 8 |  8.9
Fighting       | 1 2 3 4 5 6 |  6.2
Air Magic      | 5 6 7 8 9 |  9.3
Spellcasting   | 3 4 |  4.0
Dodging        | 3 |  3.6
Stealth        | |  2.0

Action                   |  1- 3 |  4- 6 |  7- 9 || total
-------------------------+-------+-------+-------++-------
Melee: Short sword       |    10 |     3 |    20 ||    33
       Peck              |     2 |     1 |     6 ||     9
       Kick              |     2 |     5 |    12 ||    19
       Dagger            |       |     5 |     3 ||     8
 Cast: Shock             |    89 |   150 |   197 ||   436
       Static Discharge  |     1 |       |     4 ||     5
       Airstrike         |       |       |    24 ||    24
       Mephitic Cloud    |       |       |     4 ||     4
       Lightning Bolt    |       |       |     6 ||     6
  Use: Scroll            |       |       |     8 ||     8
       Potion            |       |       |     2 ||     2
  Eat: Chunk             |     5 |    12 |     8 ||    25
       Ration            |       |       |     4 ||     4
Armor: Robe              |     5 |     2 |    19 ||    26
Dodge: Dodged            |    20 |    27 |    72 ||   119

Table legend:
 A = Non-vault XP
 B = Vault XP
 C = Vault XP percentage of total XP
 D = Non-vault monster count
 E = Vault monster count
 F = Vault count percentage of total count
                 A         B        C        D         E       F
            +---------+---------+-------+---------+---------+-------
      Total |    2898 |     409 |  12.4 |     138 |      12 |   8.0
            +---------+---------+-------+---------+---------+-------
        D:1 |      22 |       4 |  15.4 |      15 |       2 |  11.8
        D:2 |      62 |       0 |   0.0 |      18 |       0 |   0.0
        D:3 |     112 |       0 |   0.0 |      24 |       0 |   0.0
        D:4 |     370 |      63 |  14.5 |      19 |       6 |  24.0
        D:5 |     433 |       0 |   0.0 |       9 |       0 |   0.0
        D:6 |    1338 |       0 |   0.0 |      30 |       0 |   0.0
        D:7 |     561 |     342 |  37.9 |      23 |       4 |  14.8
            +---------+---------+-------+---------+---------+-------
